PL
LOUISVILLE BC @ TOLEDO TITANS
09/02/2021
 
TOP OF THE 1ST
Louisville BC batting - Pitching for Toledo Titans : RHP Edgar Martínez
Pitching: RHP Edgar Martínez
Batting: RHB Andrés Rodríguez 0-0: Foul Ball, location: 2F
0-1: Ball
1-1: Ground out 5-3 (Groundball, 5)
Batting: RHB Paul Houston 0-0: Ball
1-0: Ground out 1-3 (Groundball, 15)
Batting: RHB Robbie Roach 0-0: Ground out 5-3 (Groundball, 56)
Top of the 1st over - 0 run(s), 0 hit(s), 0 error(s), 0 left on base; Louisville 0 - Toledo 0
BOTTOM OF THE 1ST
Toledo Titans batting - Pitching for Louisville BC : LHP Alec Pittman
Pitching: LHP Alec Pittman
Batting: RHB Juan Ramos 0-0: Bunt missed!
0-1: Called Strike
0-2: Ball
1-2: Fly out, F7 (Flyball, 7D)
Batting: RHB Sherman Davis 0-0: Ball
1-0: Foul Ball, location: 2F
1-1: Ball
2-1: SOLO HOME RUN (Flyball, 7D), Distance : 399 ft
Batting: RHB Donald Thompson 0-0: Ball
1-0: Ground out 5-3 (Groundball, 56S)
Batting: RHB Juan Orozco 0-0: Called Strike
0-1: SINGLE (Groundball, 6MD)
Batting: RHB Phil Johnston 0-0: Ball
1-0: Called Strike
1-1: Ball
2-1: Foul Ball, location: 2F
2-2: Foul Ball, location: 2F
2-2: Ball
3-2: Fly out, F8 (Line Drive, 6MD)
Bottom of the 1st over - 1 run(s), 2 hit(s), 0 error(s), 1 left on base; Louisville 0 - Toledo 1
TOP OF THE 2ND
Louisville BC batting - Pitching for Toledo Titans : RHP Edgar Martínez
Batting: RHB Jake Collins 0-0: Foul Ball, location: 2F
0-1: Foul Ball, location: 2F
0-2: SINGLE (Groundball, 56D)
Batting: LHB Tim Hargrove 0-0: Ball
1-0: Foul Ball, location: 2F
1-1: Ball
2-1: Ball
3-1: Base on Balls
Jake Collins to second
Batting: RHB Yoshio Matsuo 0-0: Ball
1-0: Ball
2-0: Foul Ball, location: 2F
2-1: Ball
3-1: Base on Balls
Jake Collins to third
Tim Hargrove to second
Batting: RHB Chi-ju Zhang 0-0: Ball
1-0: Fly out, F8 (Flyball, 8LD)
Runner from 3rd tags up, SCORES, no throw
Batting: RHB Keith Best 0-0: Called Strike
Tim Hargrove steals 3rd base
Yoshio Matsuo to second
0-1: Ball
1-1: Swinging Strike
1-2: Strikes out swinging
Batting: LHB Gregory Johnson 0-0: SINGLE (Line Drive, 4MD)
Tim Hargrove scores
Yoshio Matsuo to third
Batting: RHB Andrés Rodríguez 0-0: Foul Ball, location: 2F
0-1: Ground out 5-3 (Groundball, 5)
Top of the 2nd over - 2 run(s), 2 hit(s), 0 error(s), 2 left on base; Louisville 2 - Toledo 1
BOTTOM OF THE 2ND
Toledo Titans batting - Pitching for Louisville BC : LHP Alec Pittman
Batting: RHB Pablo Trujillo 0-0: Bunted foul
0-1: Foul Ball, location: 2F
0-2: Strikes out swinging
Batting: RHB Soseki Matsunaga 0-0: Called Strike
0-1: SINGLE (Groundball, 5D)
Batting: RHB Charles Jordan 0-0: Called Strike
0-1: Ball
1-1: Ball
2-1: Ball
3-1: Foul Ball, location: 2F
3-2: Base on Balls
Soseki Matsunaga to second
Batting: LHB Rick Harrison 0-0: Called Strike
0-1: Foul Ball, location: 2F
0-2: Fielders Choice at 2nd, 1-6 (Groundball, 13S)
Soseki Matsunaga to third
Batting: RHB Juan Ramos 0-0: Ball
1-0: Foul Ball, location: 2F
1-1: Fly out, F9 (Flyball, 89M)
Bottom of the 2nd over - 0 run(s), 1 hit(s), 0 error(s), 2 left on base; Louisville 2 - Toledo 1
TOP OF THE 3RD
Louisville BC batting - Pitching for Toledo Titans : RHP Edgar Martínez
Batting: RHB Paul Houston 0-0: Called Strike
0-1: Swinging Strike
0-2: Ball
1-2: Ball
2-2: Strikes out swinging
Batting: RHB Robbie Roach 0-0: Ball
1-0: Reached on Error, E6 (Line Drive, 6D)
Batting: RHB Jake Collins 0-0: Ball
1-0: Ball
2-0: Called Strike
2-1: Ground out 4-3 (Groundball, 4S)
Robbie Roach to second
Batting: LHB Tim Hargrove 0-0: Ball
1-0: Called Strike
1-1: Ball
2-1: TRIPLE (Line Drive, 3D)
Robbie Roach scores
Batting: RHB Yoshio Matsuo 0-0: Ball
1-0: Called Strike
1-1: Ball
2-1: SINGLE (Groundball, 4MD)
Tim Hargrove scores
Batting: RHB Chi-ju Zhang 0-0: SINGLE (Groundball, 4)
Yoshio Matsuo to second
Yoshio Matsuo to third
Batting: RHB Keith Best 0-0: Called Strike
0-1: Swinging Strike
0-2: Ball
1-2: Foul Ball, location: 2F
1-2: Strikes out swinging
Top of the 3rd over - 2 run(s), 3 hit(s), 1 error(s), 2 left on base; Louisville 4 - Toledo 1
BOTTOM OF THE 3RD
Toledo Titans batting - Pitching for Louisville BC : LHP Alec Pittman
Batting: RHB Sherman Davis 0-0: Called Strike
0-1: Called Strike
0-2: Strikes out looking
Batting: RHB Donald Thompson 0-0: Ball
1-0: Foul Ball, location: 2F
1-1: Called Strike
1-2: Ball
2-2: Foul Ball, location: 2F
2-2: Foul Ball, location: 2F
2-2: Strikes out swinging
Batting: RHB Juan Orozco 0-0: Ball
1-0: Called Strike
1-1: Fly out, F9 (Flyball, 9M)
Bottom of the 3rd over - 0 run(s), 0 hit(s), 0 error(s), 0 left on base; Louisville 4 - Toledo 1
TOP OF THE 4TH
Louisville BC batting - Pitching for Toledo Titans : RHP Edgar Martínez
Batting: LHB Gregory Johnson 0-0: SINGLE (Groundball, 34D) (infield hit)
Batting: RHB Andrés Rodríguez 0-0: Foul Ball, location: 2F
0-1: Ball
1-1: Grounds into double play, 6-4-3 (Groundball, 6)
Batting: RHB Paul Houston 0-0: Called Strike
0-1: Ball
1-1: Called Strike
1-2: Fly out, F9 (Flyball, 9M)
Top of the 4th over - 0 run(s), 1 hit(s), 0 error(s), 0 left on base; Louisville 4 - Toledo 1
BOTTOM OF THE 4TH
Toledo Titans batting - Pitching for Louisville BC : LHP Alec Pittman
Batting: RHB Phil Johnston 0-0: Foul Ball, location: 2F
0-1: Foul Ball, location: 2F
0-2: Ground out 6-3 (Groundball, 6)
Batting: RHB Pablo Trujillo 0-0: Fly out, F2 (Popup, 2LF)
Batting: RHB Soseki Matsunaga 0-0: Ball
1-0: Ball
2-0: Fly out, F2 (Popup, 23F)
Bottom of the 4th over - 0 run(s), 0 hit(s), 0 error(s), 0 left on base; Louisville 4 - Toledo 1
TOP OF THE 5TH
Louisville BC batting - Pitching for Toledo Titans : RHP Edgar Martínez
Batting: RHB Robbie Roach 0-0: Foul Ball, location: 2F
0-1: Ball
1-1: Foul Ball, location: 2F
1-2: Ball
2-2: Ground out 5-3 (Groundball, 5)
Batting: RHB Jake Collins 0-0: Foul Ball, location: 2F
0-1: Ball
1-1: Ball
2-1: Swinging Strike
2-2: Foul Ball, location: 2F
2-2: Strikes out looking
Batting: LHB Tim Hargrove 0-0: Called Strike
0-1: Ball
1-1: Ball
2-1: Ground out 4-3 (Groundball, 4M)
Top of the 5th over - 0 run(s), 0 hit(s), 0 error(s), 0 left on base; Louisville 4 - Toledo 1
BOTTOM OF THE 5TH
Toledo Titans batting - Pitching for Louisville BC : LHP Alec Pittman
Batting: RHB Charles Jordan 0-0: Ball
1-0: Ball
2-0: Called Strike
2-1: Fly out, F2 (Popup, 2LF)
Batting: LHB Rick Harrison 0-0: Ball
1-0: Ball
2-0: SINGLE (Line Drive, 89S)
Batting: RHB Juan Ramos 0-0: Called Strike
0-1: Ball
1-1: SINGLE (Groundball, 6M)
Rick Harrison to second
Runner from 2nd tries for 3rd, SAFE, no throw or cutoff
Batting: RHB Sherman Davis 0-0: Called Strike
0-1: Fly out, F3 (Popup, 3F)
Batting: RHB Donald Thompson 0-0: Foul Ball, location: 2F
0-1: Foul Ball, location: 2F
0-2: Ball
1-2: Foul Ball, location: 2F
1-2: Strikes out looking
Bottom of the 5th over - 0 run(s), 2 hit(s), 0 error(s), 2 left on base; Louisville 4 - Toledo 1
TOP OF THE 6TH
Louisville BC batting - Pitching for Toledo Titans : RHP Edgar Martínez
Batting: RHB Yoshio Matsuo 0-0: Ball
1-0: DOUBLE (Line Drive, 3)
Batting: RHB Chi-ju Zhang 0-0: Called Strike
0-1: Ball
1-1: Sac Bunt - play at third, runner OUT! 1-6
Batting: RHB Keith Best 0-0: Ball
1-0: Ball
2-0: Fly out, F3 (Popup, 23F)
Batting: LHB Gregory Johnson 0-0: Ball
Wild Pitch!
Chi-ju Zhang to second
1-0: Ground out 4-3 (Groundball, 34)
Top of the 6th over - 0 run(s), 1 hit(s), 0 error(s), 1 left on base; Louisville 4 - Toledo 1
BOTTOM OF THE 6TH
Toledo Titans batting - Pitching for Louisville BC : LHP Alec Pittman
Batting: RHB Juan Orozco 0-0: Fly out, F8 (Flyball, 8LM)
Batting: RHB Phil Johnston 0-0: Called Strike
0-1: Ball
1-1: Ground out 5-3 (Groundball, 56)
Batting: RHB Pablo Trujillo 0-0: Ball
1-0: Fly out, F5 (Popup, 5S)
Bottom of the 6th over - 0 run(s), 0 hit(s), 0 error(s), 0 left on base; Louisville 4 - Toledo 1
TOP OF THE 7TH
Louisville BC batting - Pitching for Toledo Titans : RHP Edgar Martínez
Batting: RHB Andrés Rodríguez 0-0: Called Strike
0-1: Ball
1-1: Foul Ball, location: 2F
1-2: Ball
2-2: Ground out 5-3 (Groundball, 5)
Pitching: RHP Angus Barlow
Batting: RHB Paul Houston 0-0: Ball
1-0: Swinging Strike
1-1: Swinging Strike
1-2: Foul Ball, location: 2F
1-2: Foul Ball, location: 2F
1-2: Ball
2-2: Foul Ball, location: 2F
2-2: Foul Ball, location: 2F
2-2: Ball
3-2: Foul Ball, location: 2F
3-2: SINGLE (Groundball, 56D)
Batting: RHB Robbie Roach 0-0: Ball
1-0: Grounds into double play, 4-6-3 (Groundball, 4)
Top of the 7th over - 0 run(s), 1 hit(s), 0 error(s), 0 left on base; Louisville 4 - Toledo 1
BOTTOM OF THE 7TH
Toledo Titans batting - Pitching for Louisville BC : LHP Alec Pittman
Batting: RHB Soseki Matsunaga 0-0: Fly out, F8 (Flyball, 8LM)
Batting: RHB Charles Jordan 0-0: Ball
1-0: Called Strike
1-1: Swinging Strike
1-2: Ball
2-2: SINGLE (Line Drive, 8LS)
Batting: LHB Rick Harrison 0-0: Ball
1-0: Fly out, F7 (Flyball, 78M)
Batting: RHB Juan Ramos 0-0: Called Strike
0-1: Called Strike
0-2: Ball
1-2: Strikes out swinging
Bottom of the 7th over - 0 run(s), 1 hit(s), 0 error(s), 1 left on base; Louisville 4 - Toledo 1
TOP OF THE 8TH
Louisville BC batting - Pitching for Toledo Titans : RHP Angus Barlow
Batting: RHB Jake Collins 0-0: Foul Ball, location: 2F
0-1: Foul Ball, location: 2F
0-2: Ball
1-2: Strikes out swinging
Batting: LHB Tim Hargrove 0-0: Ball
1-0: Ball
2-0: Called Strike
2-1: DOUBLE (Flyball, 78S)
Batting: RHB Yoshio Matsuo 0-0: Called Strike
0-1: Called Strike
0-2: Foul Ball, location: 2F
0-2: Ball
1-2: Foul Ball, location: 2F
1-2: Ground out 6-3 (Groundball, 6M)
Tim Hargrove to third
Batting: RHB Chi-ju Zhang 0-0: Ball
1-0: Foul Ball, location: 2F
1-1: Ball
2-1: TRIPLE (Line Drive, 9LM)
Tim Hargrove scores
Batting: RHB Keith Best 0-0: Ball
1-0: Foul Ball, location: 2F
1-1: Foul Ball, location: 2F
1-2: Strikes out swinging
Top of the 8th over - 1 run(s), 2 hit(s), 0 error(s), 1 left on base; Louisville 5 - Toledo 1
BOTTOM OF THE 8TH
Toledo Titans batting - Pitching for Louisville BC : LHP Alec Pittman
Batting: RHB Sherman Davis 0-0: Called Strike
0-1: Ball
1-1: Foul Ball, location: 2F
1-2: Ground out 6-3 (Groundball, 6MS)
Batting: RHB Donald Thompson 0-0: Ball
1-0: Ground out 1-3 (Groundball, 15)
Batting: RHB Juan Orozco 0-0: Called Strike
0-1: Fly out, F8 (Flyball, 8LXD)
Bottom of the 8th over - 0 run(s), 0 hit(s), 0 error(s), 0 left on base; Louisville 5 - Toledo 1
TOP OF THE 9TH
Louisville BC batting - Pitching for Toledo Titans : RHP Angus Barlow
Pitching: RHP Ramiro Germán
Batting: LHB Gregory Johnson 0-0: Called Strike
0-1: Ball
1-1: Swinging Strike
1-2: Foul Ball, location: 2F
1-2: Ball
2-2: Fly out, F7 (Flyball, 7M)
Batting: RHB Andrés Rodríguez 0-0: Called Strike
0-1: Fly out, F3 (Popup, 34S)
Batting: RHB Paul Houston 0-0: Ground out 1-3 (Groundball, 13S)
Top of the 9th over - 0 run(s), 0 hit(s), 0 error(s), 0 left on base; Louisville 5 - Toledo 1
BOTTOM OF THE 9TH
Toledo Titans batting - Pitching for Louisville BC : LHP Alec Pittman
Batting: RHB Phil Johnston 0-0: Ball
1-0: Called Strike
1-1: Ball
2-1: Called Strike
2-2: Ball
3-2: Foul Ball, location: 2F
3-2: SINGLE (Groundball, 34D)
Batting: RHB Pablo Trujillo 0-0: Foul Ball, location: 2F
0-1: Swinging Strike
0-2: Ball
1-2: Fly out, F7 (Flyball, 7D)
Batting: RHB Soseki Matsunaga 0-0: Ball
Pickoff Throw to First - Out!
1-0: Ball
2-0: Fly out, F7 (Flyball, 7LM)
Bottom of the 9th over - 0 run(s), 1 hit(s), 0 error(s), 0 left on base; Louisville 5 - Toledo 1
This league is powered by Out of the Park Baseball, the baseball management simulation game for PC, Mac and Linux
Friday, January 22nd, 2016 - OOTP Baseball 16.9 Build 39